 Dungeon Crawl Stone Soup version 0.14-a0-2747-ge969822 (webtiles) character file.

11876 Fuzzwah the Severer (level 11, -3/86 HPs)
             Began as a Minotaur Berserker on Feb 22, 2014.
             Was the Champion of Trog.
             Slain by a five-headed hydra (10 damage)
             ... on Level 2 of the Lair of Beasts on Feb 23, 2014.
             The game lasted 00:52:36 (9752 turns).

Fuzzwah the Severer (Minotaur Berserker)            Turns: 9752, Time: 00:52:41

HP  -3/86        AC 14     Str 23      XL: 11   Next: 49%
MP   3/10        EV 11     Int  4      God: Trog [******]
Gold 464         SH  0     Dex 12      Spells:  0 memorised, 10 levels left

rFire  . . .     SeeInvis +     b - +3,+0 great sword (flame)
rCold  . . .     Rnd*Rage +     d - +2 ring mail
rNeg   . . .     Conserve +     (no shield)
rPois  .         rCorr    .     M - +2 hat {MR+}
rElec  .         rRot     .     (no cloak)
SustAb . .       Spirit   .     y - +0 pair of gloves (curse)
rMut   .         Warding  .     (no boots)
Saprov . . .     Stasis   .     t - amulet of conservation
MR     +....                    C - +3 ring of protection
                                k - ring of see invisible

@: somewhat resistant to hostile enchantments, very unstealthy
A: retaliatory headbutt, horns 2, berserk 1
a: Burn Spellbooks, Berserk, Trog's Hand, Brothers in Arms, Renounce Religion


You were on level 2 of the Lair of Beasts.
You worshipped Trog.
Trog was exalted by your worship.
You were not hungry.

You visited 2 branches of the dungeon, and saw 10 of its levels.
You also visited: Sewer.

You collected 464 gold pieces.

Inventory:

Hand weapons
 a - a +0,+4 anti-magic battleaxe
 b - a +3,+0 great sword of flaming (weapon)
 J - the +6,+6 sling of an ossuary {venom, rPois rC+ Str+4, unknown}
   (Trog gifted it to you on level 1 of the Lair of Beasts)

   It poisons the ammo it fires.
   It affects your strength (+4).
   It protects you from cold.
   It protects you from poison.
Armour
 d - a +2 ring mail (worn)
 y - a cursed +0 pair of gloves (worn)
 M - a +2 hat of magic resistance (worn)
Magical devices
 f - a wand of flame (0)
 l - a wand of fire (0)
 q - a wand of paralysis (14)
 D - a wand of draining (3)
 F - a wand of fire (11)
 G - a wand of confusion (13) {unknown}
Comestibles
 c - 10 bread rations
 H - 7 strawberries
 N - a meat ration
Scrolls
 g - a scroll of fear
 j - 5 scrolls of identify
 m - 2 scrolls of fog
 n - 2 scrolls of blinking
 r - a scroll of vulnerability {unknown}
 v - 3 scrolls of teleportation
 w - a scroll of remove curse
 z - a scroll of acquirement {unknown}
 E - a scroll of enchant armour {unknown}
 K - a scroll of magic mapping
Jewellery
 k - a ring of see invisible (left hand)
 o - a +1 ring of protection
 t - an amulet of conservation (around neck)
 C - a +3 ring of protection (right hand)
Potions
 e - 2 potions of flight
 h - 4 potions of might
 i - a potion of agility
 p - a potion of restore abilities {unknown}
 s - a potion of confusion {unknown}
 u - 3 potions of heal wounds
 x - 7 potions of curing
 B - a potion of mutation {unknown}
 I - a potion of resistance
 L - a potion of berserk rage {unknown}
 O - a potion of speed {unknown}
Books
 A - a book of Beasts

   Spells                             Type                      Level
   Summon Butterflies                 Summoning                    1
   Sticks to Snakes                   Transmutation                2
   Call Canine Familiar               Summoning                    3
   Ice Form                           Ice/Transmutation            4
   Summon Ice Beast                   Ice/Summoning                4
   Summon Hydra                       Summoning                    7
   Trog disapproves of the use of such an item.


   Skills:
 - Level 5.0 Fighting
 - Level 1.7 Long Blades
 + Level 18.3 Axes
 - Level 5.8 Armour
 - Level 4.9 Dodging
 - Level 1.0 Stealth
 - Level 3.4 Evocations


You had 10 spell levels left.
You didn't know any spells.

Dungeon Overview and Level Annotations

Branches:
Dungeon (8/16)             Temple (0/1) D:4            Lair (2/8) D:8

Altars:
Cheibriados
Dithmenos
Elyvilon
Fedhas
Kikubaaqudgha
Xom
Yredelemnul
Zin
The Shining One


Innate Abilities, Weirdness & Mutations

You reflexively headbutt those who attack you in melee.
You have a pair of horns on your head.
You tend to lose your temper in combat.


Message History

You barely miss the five-headed hydra. You headbutt the five-headed hydra.
The five-headed hydra is lightly wounded.
The five-headed hydra bites you but does no damage.
The five-headed hydra barely misses you.
The five-headed hydra bites you!
The five-headed hydra bites you but does no damage.
You hit the five-headed hydra. You burn the five-headed hydra.
The five-headed hydra is lightly wounded.
The five-headed hydra bites you. The five-headed hydra misses you.
The five-headed hydra closely misses you.
The five-headed hydra bites you!
The five-headed hydra bites you but does no damage.
The five-headed hydra closely misses you.
You furiously retaliate!
You headbutt the five-headed hydra! The five-headed hydra bites you!
* * * LOW HITPOINT WARNING * * *
The five-headed hydra bites you!
* * * LOW HITPOINT WARNING * * *
The five-headed hydra bites you!
You die...

............#
.....###...... .....
##....# ..... #.....
P....####...##
#...#...... ## ###
##...#.....
#D##.####..........
#@..##...#........
.........#........##.....
........#.......###.....
........#.......##......
..###...#P......###.....
............f##.....
..............f#f..##
...............##..#.
..................


You could see a five-headed hydra.

Vanquished Creatures
  Gastronok (Lair:1)
  2 hydras (Lair:1)
  Maurice (D:8)
  Psyche (D:8)
  3 spiny frogs
  A spriggan (D:7)
  A komodo dragon (Lair:1)
  5 sharks (Lair:1)
  Eustachio (D:5)
  7 yaks (Lair:1)
  Edmund (D:7)
  4 porcupines
  2 orc warriors (D:6)
  4 giant goldfish (Lair:1)
  A yellow wasp (D:8)
  2 ogres
  2 sky beasts
  A centaur (D:7)
  Sigmund (D:7)
  A giant slug (Lair:1)
  3 big kobolds (Sewer)
  Blork the orc (D:8)
  An agate snail (Lair:1)
  A water moccasin (Lair:2)
  10 giant frogs
  3 jellies
  An eye of draining (D:8)
  4 electric eels (Lair:1)
  A hippogriff zombie (D:6)
  5 crimson imps
  A goliath beetle (Lair:2)
  A quasit (D:8)
  2 big fish (Lair:1)
  A centaur zombie (D:5)
  A centaur skeleton (D:7)
  7 orc priests
  A water moccasin skeleton (D:8)
  Natasha (thrice) (D:3)
  4 iguanas
  14 orc wizards
  4 hounds
  3 scorpions
  6 sheep (Lair:1)
  5 worker ants
  A sky beast zombie (D:6)
  Ijyb (D:3)
  A mummy (D:8)
  15 adders
  2 giant centipedes (D:3)
  9 green rats
  An inept item mimic (D:7)
  2 giant mites
  4 worms
  16 grey rats (Sewer)
  An iguana skeleton (D:8)
  2 orc skeletons
  5 giant geckos
  3 oozes
  33 orcs
  7 ball pythons
  13 bats
  A bat zombie (D:5)
  12 hobgoblins
  20 jackals
  7 quokkas
  6 giant cockroaches
  A giant gecko skeleton (D:5)
  A giant gecko zombie (D:8)
  5 giant newts
  A giant newt skeleton (D:4)
  A giant spore (D:7)
  13 goblins
  A hobgoblin skeleton (D:4)
  A hobgoblin zombie (D:8)
  26 kobolds
  2 kobold zombies (D:8)
  An orc zombie (D:8)
  19 rats
  8 ballistomycetes
  A fungus (Lair:1)
368 creatures vanquished.

Vanquished Creatures (others)
  A giant spore (D:6)
  2 fungi (Lair:1)
3 creatures vanquished.

Grand Total: 371 creatures vanquished

Notes
Turn   | Place    | Note
--------------------------------------------------------------
     0 | D:1      | Fuzzwah, the Minotaur Berserker, began the quest for the Orb.
     0 | D:1      | Reached XP level 1. HP: 19/19 MP: 1/1
    84 | D:1      | Reached skill level 4 in Axes
   216 | D:1      | Reached XP level 2. HP: 24/26 MP: 1/1
   267 | D:1      | Acquired Trog's second power
   551 | D:1      | Reached skill level 5 in Axes
   806 | D:2      | Reached XP level 3. HP: 28/31 MP: 2/2
  1359 | D:3      | Found a glowing silver altar of Zin.
  1406 | D:3      | Found a white marble altar of Elyvilon.
  1429 | D:3      | Reached XP level 4. HP: 39/39 MP: 2/2
  1448 | D:3      | Found a glowing drain.
  1468 | D:3      | Reached skill level 6 in Axes
  1478 | Sewer    | Entered a sewer
  1723 | Sewer    | Reached skill level 1 in Stealth
  1742 | Sewer    | Noticed a big kobold
  1753 | Sewer    | Killed a big kobold
  1753 | Sewer    | Reached skill level 7 in Axes
  1753 | Sewer    | Reached XP level 5. HP: 40/45 MP: 2/2
  1826 | Sewer    | Noticed a big kobold
  1832 | Sewer    | Killed a big kobold
  1889 | Sewer    | Acquired Trog's third power
  1891 | Sewer    | Reached XP level 6. HP: 48/51 MP: 3/3
  1897 | Sewer    | Reached skill level 8 in Axes
  1933 | Sewer    | Noticed a big kobold
  1942 | Sewer    | Killed a big kobold
  2299 | D:3      | Reached skill level 9 in Axes
  2472 | D:3      | Noticed Natasha
  2478 | D:3      | Killed Natasha
  2566 | D:3      | Noticed Ijyb
  2575 | D:3      | Killed Ijyb
  2575 | D:3      | Reached XP level 7. HP: 57/57 MP: 3/3
  2620 | D:3      | Noticed Natasha
  2623 | D:3      | Killed Natasha
  2902 | D:3      | Noticed Natasha
  2905 | D:3      | Killed Natasha
  2948 | D:4      | Found an ancient bone altar of Kikubaaqudgha.
  3077 | D:4      | Found a staircase to the Ecumenical Temple.
  3241 | D:4      | Found a basalt altar of Yredelemnul.
  3242 | D:4      | Noticed a profane servitor
  3246 | D:4      | Found a glowing golden altar of the Shining One.
  3247 | D:4      | Noticed an angel
  3315 | D:4      | Reached skill level 10 in Axes
  3813 | D:5      | Entered Level 5 of the Dungeon
  3835 | D:5      | Reached skill level 11 in Axes
  3918 | D:5      | Found a shimmering altar of Xom.
  3919 | D:5      | Found a shimmering altar of Xom.
  3921 | D:5      | Reached XP level 8. HP: 61/64 MP: 3/3
  3922 | D:5      | Found a shimmering altar of Xom.
  4120 | D:5      | Noticed Eustachio
  4145 | D:5      | Killed Eustachio
  4145 | D:5      | Reached skill level 12 in Axes
  4785 | D:6      | Found a shadowy altar of Dithmenos.
  4785 | D:6      | Found a blossoming altar of Fedhas.
  4881 | D:6      | Reached skill level 13 in Axes
  5236 | D:6      | Found a snail-covered altar of Cheibriados.
  5353 | D:6      | Reached XP level 9. HP: 10/70 MP: 4/4
  5877 | D:7      | Reached skill level 14 in Axes
  6204 | D:7      | Noticed Sigmund
  6213 | D:7      | Killed Sigmund
  6213 | D:7      | Reached skill level 1 in Long Blades
  6232 | D:7      | Noticed Edmund
  6248 | D:7      | Killed Edmund
  6248 | D:7      | Reached skill level 1 in Evocations
  6449 | D:7      | Gained mutation: You tend to lose your temper in combat. [mutagenic meat]
  6605 | D:8      | Noticed Psyche
  6616 | D:8      | Killed Psyche
  6882 | D:8      | Reached skill level 5 in Armour
  6893 | D:8      | Noticed Blork the orc
  6897 | D:8      | Killed Blork the orc
  6983 | D:8      | Found a staircase to the Lair.
  7125 | D:8      | Noticed Maurice
  7161 | D:8      | Killed Maurice
  7161 | D:8      | Reached XP level 10. HP: 37/80 MP: 9/9
  7469 | D:7      | Received a gift from Trog
  7473 | D:7      | Reached skill level 5 in Fighting
  7510 | Lair:1   | Entered Level 1 of the Lair of Beasts
  7515 | Lair:1   | Noticed a seven-headed hydra
  7525 | Lair:1   | Killed a 11-headed hydra
  7525 | Lair:1   | Reached skill level 15 in Axes
  7805 | Lair:1   | Noticed a four-headed hydra
  7816 | Lair:1   | Killed a one-headed hydra
  7887 | Lair:1   | Reached skill level 16 in Axes
  8101 | Lair:1   | Noticed Gastronok
  8118 | Lair:1   | Killed Gastronok
  8118 | Lair:1   | Reached skill level 17 in Axes
  8118 | Lair:1   | Reached XP level 11. HP: 52/86 MP: 3/10
  8869 | Lair:1   | Received a gift from Trog
  8869 | Lair:1   | Reached skill level 18 in Axes
  8870 | Lair:1   | Got a dazzling sling {god gift}
  9747 | Lair:2   | Noticed a five-headed hydra
  9752 | Lair:2   | Slain by a five-headed hydra

Action                   |  1- 3 |  4- 6 |  7- 9 | 10-12 || total
-------------------------+-------+-------+-------+-------++-------
Melee: Hand axe          |   100 |     2 |       |       ||   102
       War axe           |       |   126 |   311 |       ||   437
       Great sword       |       |       |   131 |    33 ||   164
       Battleaxe         |       |       |       |   201 ||   201
Invok: Berserk           |     1 |     1 |     8 |     5 ||    15
Evoke: Wand              |       |       |     3 |       ||     3
  Use: Scroll            |       |    12 |     9 |       ||    21
       Potion            |       |     7 |     5 |       ||    12
